AoeStats
← Rashad

Golden Pit

507963553Analyzed
1v1 RM · 12d ago on Sep 20, 2026· 60m 58s· 2 players
Game mode
Random Map
Map size
Tiny (2 player)
Population
200
Speed
Normal
Resources
Standard
Victory
Conquest
Starting age
Dark Age
Ending age
Imperial Age
RankedLock teamsTeams togetherTeam positionsShared explorationLock speedFull tech treeHidden civsTurbo modeCheats
Victory
Defeat
🇳🇱 Tatars · Netherlands
628
+16
🇨🇿 Franks · Czechia
621
-16
Lordislav
8:58 Loom
11:10 Feudal Age
17:49 Castle Age
16:17 Double-Bit Axe
18:03 Gold Mining
24:34 Pikeman
25:17 Squires
25:31 Forging
26:08 Scale Mail Armor
37:26 Fletching
40:03 Scale Barding Armor
49:01 Imperial Age
47:08 Wheelbarrow
49:10 Imperial Age
48:50 Iron Casting
49:09 Chain Mail Armor
59:16 Halberdier
Rashad
5:51 Loom
10:08 Feudal Age
10:58 Double-Bit Axe
12:07 Horse Collar
14:16 Wheelbarrow
16:31 Town Watch
18:22 Scale Barding Armor
18:28 Forging
19:46 Bloodlines
25:01 Castle Age
25:45 Stone Mining
25:45 Gold Mining
26:10 Bow Saw
26:46 Padded Archer Armor
26:39 Fletching
27:20 Heavy Plow
27:55 Bodkin Arrow
30:39 Hand Cart
30:25 Town Patrol
31:44 Leather Archer Armor
33:47 Husbandry
39:11 Imperial Age
39:49 Gold Shaft Mining
41:43 Bracer
42:25 Iron Casting
42:11 Chain Barding Armor
41:40 Heavy Camel Rider
51:51 Heavy Cavalry Archer
54:34 Blast Furnace
56:28 Elite Keshik
Connection lost

Rejoining the realm…

Still unreachable

The connection could not be restored.

Session expired

The server has moved on; the page needs a fresh start.